 Dungeon Crawl Stone Soup version 0.27.0-1-g7a089689b8 (webtiles) character file.

Game seed: 9741632710032865720

10 Spectrina the Magician (level 2, 0/21 HPs)
             Began as a Djinni Necromancer on Aug 17, 2021.
             Slain by a giant cockroach (1 damage)
             ... on level 2 of the Dungeon.
             The game lasted 00:03:44 (355 turns).

Spectrina the Magician (Djinni Necromancer)          Turns: 355, Time: 00:03:44

Health: 0/21       AC:  2    Str:  7    XL:     2   Next: 30%
Gold:   31         EV: 12    Int: 16    God:
                   SH:  0    Dex: 13

rFire    + + .     SeeInvis .   d - +0 dagger
rCold    x . .     Faith    .   (no shield)
rNeg     . . .     Spirit   .   a - +0 robe
rPois    ∞         Reflect  .   (no helmet)
rElec    .         Harm     .   (no cloak)
rCorr    .         Rampage  .   (no gloves)
Will     .....                  (boots unavailable)
Stlth    ++........             (no amulet)
HPRegen  0.07/turn              (no ring)
MPRegen  0.00/turn              (no ring)

@: flying
A: sickness immunity, fire resistance 2, cold vulnerability 1, float, innate
caster, hp casting, extra vitality 1
a: no special abilities


You were on level 2 of the Dungeon.
You visited 1 branch of the dungeon, and saw 2 of its levels.

You collected 31 gold pieces.

Inventory:

Hand Weapons
 d - a +0 dagger (weapon)
Armour
 a - a +0 robe (worn)
Scrolls
 b - a scroll of teleportation


   Skills:
 - Level 2.1 Dodging
 - Level 1.5 Stealth
 + Level 3.6 Spellcasting


You couldn't memorise any spells.
You knew the following spells:

 Your Spells              Type           Power      Damage    Failure   Level
a - Pain                  Necr           56%        1d6       4%          1
b - Animate Skeleton      Necr           28%        N/A       4%          1
c - Vampiric Draining     Necr           7%         2d7       12%         3
d - Animate Dead          Necr           7%         N/A       36%         4
e - Agony                 Necr           14%        N/A       73%         5
Your spell library was empty.

Dungeon Overview and Level Annotations

Branches:
Dungeon (2/15)

Altars:

Annotations:
D:2 Jessica


Innate Abilities, Weirdness & Mutations

You are immune to sickness and miasma.
You are immune to poison.
Your flesh is very heat resistant. (rF++)
You are vulnerable to cold. (rC-)
You float through the air rather than walking.
You learn spells naturally, not from books.
Your magical power is your life essence.
You have superior vitality. (+4 HP)


Message History

The giant cockroach is almost dead.
The giant cockroach misses you. The giant cockroach bites you.
* * * LOW HITPOINT WARNING * * *
You closely miss the giant cockroach.
The giant cockroach is almost dead.
The giant cockroach bites you but does no damage.
You aren't carrying any potions.
As you read the scroll labelled ACOIDU AXUNAB, it crumbles to dust.
The scroll dissolves into smoke.
It was a scroll of fog.
The giant cockroach misses you.
Unknown command.
As you read the scroll labelled CILUSI PIATSA, it crumbles to dust.
You feel a surge of unholy energy.
The hobgoblin convulses!
It was a scroll of torment.
The giant cockroach bites you.
* * * LOW HITPOINT WARNING * * *
Unknown command.
As you read the scroll labelled RIDIEVANGU, it crumbles to dust.
You feel aware of your surroundings.
You sensed 2 altars.
It was a scroll of magic mapping.
The giant cockroach bites you but does no damage.
Unknown command.
Unknown command.
You aren't carrying any potions.
You closely miss the giant cockroach.
The giant cockroach is severely wounded.
The giant cockroach barely misses you.
The giant cockroach bites you but does no damage.
You hit the giant cockroach.
The giant cockroach is severely wounded.
The giant cockroach closely misses you.
You barely miss the giant cockroach.
The giant cockroach is severely wounded.
The giant cockroach bites you but does no damage.
You closely miss the giant cockroach.
The giant cockroach is severely wounded.
The giant cockroach bites you but does no damage.
You barely miss the giant cockroach.
The giant cockroach is severely wounded.
The giant cockroach bites you.
You die...

*,,,,,,,,,,,+,..........#.# *,
*,,,,,,,,,,,*#.#..........# *,
*,,,,,,,,,,,*#.......##.#.# *,
*,,,,,,,,,,,*#,..##..#*.#,#**,
**************...##...,,#,*,,,
********* #.#>,#.##***,*,**
*,,,,,,,* *,,,.#,,,,,,,,,*
*..@....#######§##.#.***,,,*
*.......#.§§@Bg§.....,,,,,,*
*.......#.#####l#####****,,**
*.......#.# *,#,,,,,,,,,,*,
*.......#.# *,*,*..#***,**,
*.......#.# *,,,...#,,,,,,,
*.......#'####****#..#,***,*,
*......†.†...# #..#,* *,*,
*............# #..#,* *,*,
*#####.......# #..#,* *,*,


You could see a giant cockroach and a hobgoblin.

Vanquished Creatures
  A giant cockroach (D:1)
  2 goblins (D:1)
  2 jackals (D:1)
  A bat (D:1)
  2 frilled lizards
  3 rats
11 creatures vanquished.

Notes
Turn   | Place    | Note
-------+----------+-------------------------------------------
     0 | D:1      | Spectrina the Djinni Necromancer began the quest for the
                  | Orb.
     0 | D:1      | Reached XP level 1. HP: 15/15 MP: 0/0
   145 | D:1      | Reached XP level 2. HP: 3/21 MP: 0/0
   329 | D:2      | Noticed Jessica
   348 | D:2      | HP: 1/21 [giant cockroach (1)]
   355 | D:2      | Slain by a giant cockroach

Illustrated notes

Levels and vault maps discovered:
D:1:      eino_arrival_water_star, layout_loops_ring
D:2:      layout_basic, basic_altar, hellmonk_ecumenical_altar_blasted,
          uniq_jessica, uniq_robin

Action                   || total
-------------------------++-------
Melee: Dagger            ||    15
 Cast: Pain              ||    16
  Use: Scroll            ||     5
 Stab: Sleeping          ||     1
Armor: Robe              ||     8
Dodge: Dodged            ||    11
